 Dungeon Crawl Stone Soup version 0.18-a0-1187-g9b90ff5 (webtiles) character file.

2692 Grap the Contemplative (level 9, -5/57 HPs)
             Began as a Gargoyle Fighter on Jan 29, 2016.
             Was a Priest of Cheibriados.
             Killed by divine providence
             ... invoked by an orc priest
              (16 damage)
             ... on level 8 of the Dungeon.
             The game lasted 00:23:29 (6851 turns).

Grap the Contemplative (Gargoyle Fighter)           Turns: 6851, Time: 00:23:29

Health: -5/57      AC: 16    Str: 27    XL:     9   Next: 65%
Magic:  4/6        EV: 10    Int: 30    God:    Cheibriados [***...]
Gold:   115        SH:  0    Dex: 20    Spells: 0 memorised, 8 levels left

rFire  . . .     SeeInvis .     H - +0 flail of Kealen {vamp, *Confuse Int+5} (curse)
rCold  . . .     Gourm    .     A - +0 scale mail of Repulsion {rElec rPois MP-9 Int+5} (curse)
rNeg   + + .     Faith    .     (no shield)
rPois  ∞         Spirit   .     s - +2 helmet
rElec  +         Dismiss  .     (no cloak)
rCorr  .         Reflect  .     (no gloves)
SustAt .         Harm     .     (no boots)
MR     .....     Rnd*Rage +     (no amulet)
Stlth  ..........               i - +2 ring of intelligence
                                v - ring of positive energy

@: very slow, not resistant to hostile enchantments, extremely unstealthy
A: berserk 1, negative energy resistance 1, electricity resistance, unbreathing,
petrification resistance, rot immunity, AC +5
a: Bend Time, Temporal Distortion, Renounce Religion


You were on level 8 of the Dungeon.
You worshipped Cheibriados.
Cheibriados was most pleased with you.
You were not hungry.

You visited 2 branches of the dungeon, and saw 9 of its levels.

You collected 302 gold pieces.
You spent 187 gold pieces at shops.

Inventory:

Hand Weapons
 H - the cursed +0 flail of Kealen (weapon) {vamp, *Confuse Int+5}
   (You bought it in a shop on level 5 of the Dungeon)

   It inflicts no extra harm, but heals its wielder somewhat when it strikes a
   living foe.
   It affects your intelligence (+5).
   It may confuse you when you take damage.
   It has a curse placed upon it.
Missiles
 n - 47 sling bullets
 o - 192 stones
 F - 23 tomahawks (quivered)
Armour
 b - a +0 scale mail
 c - a +0 shield
 s - a +2 helmet (worn)
 A - the cursed +0 scale mail of Repulsion (worn) {rElec rPois MP-9 Int+5}
   (You found it on level 4 of the Dungeon)

   It affects your intelligence (+5).
   It insulates you from electricity.
   It protects you from poison.
   It affects your magic capacity (-9).
   It has a curse placed upon it.
Jewellery
 i - a +2 ring of intelligence (right hand)
 p - an uncursed ring of stealth
 v - a ring of positive energy (left hand)
 D - an uncursed ring of stealth
Wands
 t - a wand of random effects (26/48)
 y - a wand of random effects (16/48)
 K - a wand of cold (15/15)
Scrolls
 a - a scroll of torment {unknown}
 g - a scroll of noise
 q - a scroll of amnesia {unknown}
 r - a scroll of enchant weapon {unknown}
 E - a scroll of immolation
 G - 2 scrolls of identify
Potions
 d - 2 potions of poison
 e - a potion of magic
 h - 2 potions of haste
 j - a potion of experience
 u - a potion of heal wounds {unknown}
 w - 3 potions of curing
 z - a potion of berserk rage
 B - a potion of cure mutation
Books
 C - a book of Transfigurations

   Spells                             Type                      Level
   a - Stoneskin                      Transmutation/Earth          2
   b - Irradiate                      Conjuration/Transmutation    5
   c - Statue Form                    Transmutation/Earth          6
   d - Hydra Form                     Transmutation                6
   e - Dragon Form                    Transmutation                7
Miscellaneous
 m - a plain deck of summoning {Repulsiveness}
Comestibles
 f - 7 bread rations
 k - 2 slices of pizza


   Skills:
 * Level 7.0 Fighting
 + Level 7.7 Maces & Flails
 - Level 6.1 Armour
 - Level 3.2 Shields
 - Level 8.1 Invocations


You had 8 spell levels left.
You didn't know any spells.

Dungeon Overview and Level Annotations

Branches:
Dungeon (7/15)             Temple (1/1) D:4

Altars:
Ashenzari
Cheibriados
Dithmenos
Elyvilon
Fedhas
Gozag
Makhleb
Nemelex Xobeh
Okawaru
Pakellas
Qazlal
Ru
Sif Muna
Trog
Vehumet
Xom
Yredelemnul
Zin
The Shining One

Shops:
D:4 *%   D:5 :(:(   D:6 *%[


Innate Abilities, Weirdness & Mutations

You are resistant to torment.
Your stone body is resilient (AC +5).
You are immune to poison.
You resist negative energy.
You are resistant to electric shocks.
You can survive without breathing.
You are immune to petrification.
You are immune to rotting.
You tend to lose your temper in combat.


Message History

* * * LOW HITPOINT WARNING * * *
The warg bites you!
* * * LOW HITPOINT WARNING * * *
The warg bites you but does no damage.
You feel better. The warg bites you but does no damage.
That item cannot be evoked!
The flow of time bends around you.
Cheibriados rebukes the warg.
The warg seems to slow down.
You feel slightly more hungry. The warg bites you but does no damage.
You barely miss the warg. The warg barely misses you.
You closely miss the warg. The warg bites you but does no damage.
You hit the warg but do no damage. The warg bites you but does no damage.
You hit the warg but do no damage. The warg bites you.
* * * LOW HITPOINT WARNING * * *
You sock the warg!
The warg is moderately wounded.
The orc priest calls down the wrath of Beogh upon you.
Something smites you!
You die...

... #.# #.#### #.##
#....##...#
#..%......#
#.##......#
#.##.....#
#@##...?.# ..
#h##....###
o.o.#####ho†......#
#..o..####....###
#.###.####.#.##
#....h.o...# #
#####.######
#).######.#..
#.....#...........


You could see 2 wargs and an orc priest.

Vanquished Creatures
  The ghost of Prognosys the Conjurer, an amateur DrCj of Vehumet (D:4)
  A hippogriff (D:6)
  A hungry ghost (D:8)
  Menkaure (D:5)
  A warg (D:8)
  2 orc warriors (D:7)
  A sky beast (D:5)
  2 ogres
  A phantom (D:5)
  5 giant frogs (D:6)
  2 scorpions
  4 wights (D:6)
  A crimson imp (D:5)
  2 hounds (D:5)
  2 jellies
  6 orc priests
  Ijyb (D:3)
  An iguana (D:7)
  5 orc wizards
  3 worker ants
  A hound zombie (D:6)
  Robin (D:3)
  9 adders
  A shadow imp (D:7)
  4 oozes
  An adder zombie (D:5)
  A worm (D:3)
  7 giant geckos
  25 orcs
  4 giant cockroaches
  15 goblins
  8 hobgoblins
  11 jackals
  5 quokkas
  5 ball pythons
  9 bats
  A giant gecko skeleton (D:5)
  7 giant newts
  A jackal skeleton (D:5)
  A jackal zombie (D:6)
  3 kobolds
  22 rats
  A butterfly (D:3)
186 creatures vanquished.

Notes
Turn   | Place    | Note
--------------------------------------------------------------
     0 | D:1      | Grap the Gargoyle Fighter began the quest for the Orb.
     0 | D:1      | Reached XP level 1. HP: 14/14 MP: 1/1
   317 | D:1      | Reached XP level 2. HP: 13/20 MP: 2/2
   322 | D:1      | Reached skill level 4 in Fighting
  1046 | D:2      | Reached XP level 3. HP: 24/24 MP: 3/3
  1120 | D:2      | Found a sparkling altar of Nemelex Xobeh.
  1200 | D:2      | Found a shattered altar of Ashenzari.
  1200 | D:2      | Found a snail-covered altar of Cheibriados.
  1428 | D:2      | Reached skill level 5 in Fighting
  1643 | D:3      | Reached XP level 4. HP: 31/31 MP: 4/4
  1747 | D:3      | Noticed Robin
  1786 | D:3      | Killed Robin
  2056 | D:3      | Reached skill level 6 in Fighting
  2056 | D:3      | Reached XP level 5. HP: 32/36 MP: 5/5
  2220 | D:3      | Noticed Ijyb
  2242 | D:3      | Killed Ijyb
  2602 | D:3      | Reached XP level 6. HP: 42/42 MP: 6/6
  2606 | D:3      | Found a shimmering altar of Xom.
  2778 | D:4      | Found a glowing silver altar of Zin.
  2808 | D:4      | Noticed Prognosys's ghost (amateur DrCj)
  2824 | D:4      | Killed Prognosys's ghost
  2824 | D:4      | Reached skill level 5 in Maces & Flails
  2856 | D:4      | Found a staircase to the Ecumenical Temple.
  2865 | Temple   | Entered the Ecumenical Temple
  3082 | D:2      | Became a worshipper of Cheibriados the Contemplative
  3185 | D:4      | Reached XP level 7. HP: 45/47 MP: 7/7
  3324 | D:4      | Found an iron altar of Okawaru.
  3325 | D:4      | Found a bloodstained altar of Trog.
  3607 | D:4      | Got an obsidian-encrusted scale mail
  3618 | D:4      | Identified the cursed +0 scale mail of Repulsion {rElec rPois MP-9 Int+5} (You found it on level 4 of the Dungeon)
  3645 | D:4      | Found Zin's Purification Station.
  3648 | D:4      | Found a glowing silver altar of Zin.
  3648 | D:4      | Found Elestring's Food Boutique.
  3876 | D:5      | Entered Level 5 of the Dungeon
  3878 | D:5      | Noticed Menkaure
  3886 | D:5      | Killed Menkaure
  3886 | D:5      | Reached * piety under Cheibriados
  3889 | D:5      | Found Watoxobi's Book Shoppe.
  3927 | D:5      | Found Tuts's Antique Weapon Boutique.
  3933 | D:5      | Reached skill level 5 in Armour
  3960 | D:5      | Reached XP level 8. HP: 40/52 MP: 0/8
  4313 | D:5      | Found a shadowy altar of Dithmenos.
  4497 | D:5      | Reached skill level 1 in Invocations
  4617 | D:5      | Found Sagekhis's Book Boutique.
  4669 | D:5      | Reached ** piety under Cheibriados
  4677 | D:5      | Bought a fine flail for 187 gold pieces
  4680 | D:5      | Identified the cursed +0 flail of Kealen {vamp, *Confuse Int+5} (You bought it in a shop on level 5 of the Dungeon)
  4806 | D:5      | Found Anlar's Weapon Emporium.
  5042 | D:6      | Found Kaatupniu's Assorted Antiques.
  5091 | D:6      | Found a deep blue altar of Sif Muna.
  5137 | D:6      | Reached skill level 7 in Fighting
  5199 | D:6      | Found an opulent altar of Gozag.
  5586 | D:6      | Reached skill level 5 in Invocations
  5599 | D:6      | Reached XP level 9. HP: 41/57 MP: 2/13
  5627 | D:6      | Found Umilof's Armour Shop.
  5646 | D:6      | Reached *** piety under Cheibriados
  5804 | D:6      | Found Kupniem's Food Shoppe.
  6091 | D:6      | Found a sparkling altar of Nemelex Xobeh.
  6092 | D:6      | Found a stormy altar of Qazlal.
  6284 | D:7      | Found an iron altar of Okawaru.
  6428 | D:7      | Gained mutation: You tend to lose your temper in combat. [potion of mutation]
  6428 | D:7      | Gained mutation: You have sharp toenails. [potion of mutation]
  6428 | D:7      | Lost mutation: You have sharp toenails. [potion of mutation]
  6579 | D:7      | Found a burning altar of Makhleb.
  6781 | D:7      | You fall through a shaft!
  6829 | D:8      | Reached skill level 8 in Invocations
  6837 | D:8      | HP: 1/57 [warg (11)]
  6851 | D:8      | Killed from afar by an orc priest

Vault maps used:
D:1:      eino_arrival_tree_alley
D:2:      gammafunk_temple_overflow_elements, nemelex_deck
D:3:      xom_butterflies, first_bread, minmay_rat_hole, uniq_robin, uniq_iyjb
D:4:      grunt_temple_overflow_bloody_war, zin_purify,
          minmay_temple_entry_junction2, serial_shops, shop,
          kennysheep_flooded_box
D:5:      old_standard_altar, serial_shops, shop, shop, nicolae_shop_waterfront,
          nicolae_shop_stone, uniq_menkaure
D:6:      gammafunk_temple_overflow_pools, grunt_gozag_breadcrumbs,
          serial_shops, shop, nicolae_shop_overgrown_old_shop,
          kennysheep_mini_moat, basic_altar
D:7:      overflow_temple_1_default, basic_altar
D:8:      erik_lair_orcish_takeover, special_room, hangedman_tree_tricks,
          lightli_orcish_oven
Temple:   cyrus_temple_forest_13

Action                   |  1- 3 |  4- 6 |  7- 9 || total
-------------------------+-------+-------+-------++-------
Melee: Flail             |   141 |   297 |   428 ||   866
Throw: Tomahawk          |       |       |     1 ||     1
Invok: Bend Time         |       |       |     1 ||     1
  Use: Scroll            |     2 |       |    16 ||    18
       Potion            |       |     2 |     3 ||     5
 Stab: Sleeping          |       |       |     1 ||     1
  Eat: Chunk             |     2 |     6 |     8 ||    16
       Meat ration       |       |       |     2 ||     2
       Fruit             |       |       |     3 ||     3
